 Dungeon Crawl Stone Soup version 0.32-a0-520-g344ed53f66 (webtiles) character file.

Game seed: 14101770133654566108

282 BubbleThief the Grave Robber (level 6, -3/46 HPs)
             Began as a Demonspawn Reaver on Feb 27, 2024.
             Slain by an ogre
             ... wielding a +0 giant club
              (16 damage)
             ... on level 4 of the Dungeon.
             The game lasted 00:06:25 (2364 turns).

BubbleThief the Grave Robber (Demonspawn Reaver)    Turns: 2364, Time: 00:06:25

Health: -3/46      AC:  5    Str: 14    XL:     6   Next: 6%
Magic:  3/9        EV: 11    Int: 14    God:
Gold:   212        SH:  0    Dex: 11    Spells: 3/9 levels left

rFire   + . .        a - +0 spear
rCold   + . .        (no shield)
rNeg    . . .        b - +0 leather armour
rPois   .            (helmet restricted)
rElec   .            i - scarf {rC+ rF+}
rCorr   .            (no gloves)
SInv    .            (no boots)
Will    .....        (no amulet)
Stlth   +            j - +4 ring of slaying
HPRegen 0.27/turn    (no ring)
MPRegen 0.22/turn

%: no passive effects
@: very slightly contaminated
A: antennae 1, slimy green scales 1, magic regeneration
a: no special abilities


You were on level 4 of the Dungeon.
You visited 1 branch of the dungeon, and saw 4 of its levels.

You collected 212 gold pieces.

Inventory:

Hand Weapons
 a - a +0 spear (weapon)
Armour
 b - a +0 leather armour (worn)
 i - a scarf of resistance (worn)
Jewellery
 j - a +4 ring of slaying (left hand)
Wands
 h - a wand of mindburst (16)
 p - a wand of digging (6)
 s - a wand of quicksilver (3)
Scrolls
 d - 2 scrolls of torment {unknown}
 f - 2 scrolls of enchant armour {unknown}
 g - 2 scrolls of identify {unknown}
 m - a scroll of teleportation {unknown}
 n - 3 scrolls of revelation {unknown}
 o - 4 scrolls of immolation {unknown}
 q - a scroll of vulnerability {unknown}
 r - a scroll of poison {unknown}
Potions
 c - 2 potions of degeneration {unknown}
 e - a potion of brilliance {unknown}
 k - 2 potions of berserk rage {unknown}


   Skills:
 + Level 2.5 Fighting
 + Level 3.1 Polearms
 - Level 1.7 Dodging
 - Level 2.0 Spellcasting
 - Level 3.0 Conjurations
 - Level 6.0 Necromancy


You had 3 spell levels left.
You knew the following spells:

 Your Spells              Type           Power      Damage    Failure   Level
a - Kiss of Death         Conj/Necr      56%        2d9       4%          1
b - Necrotise             Necr           72%        1d7       2%          1
c - Martyr's Knell        Necr/Summ      9%         N/A       65%         4

Your spell library contained the following spells:

 Spells                   Type           Power      Damage    Failure   Level
 Vampiric Draining        Necr           18%        2d7       8%          3
 Magic Dart               Conj           36%        1d4       9%          1
 Sting                    Conj/Alch      20%        1d4       16%         1
 Momentum Strike          Conj/Tloc      10%        3d8       24%         2
 Apportation              Tloc           2%         N/A       30%         1
 Summon Small Mammal      Summ           4%         N/A       30%         1
 Blink                    Tloc           2%         N/A       41%         2
 Call Imp                 Summ           2%         N/A       41%         2
 Hailstorm                Conj/Ice       5%         3d5       43%         3
 Animate Dead             Necr           18%        N/A       26%         4
 Curse of Agony           Necr           18%        N/A       56%         5
 Borgnjor's Vile Clutch   Necr/Erth      4%         N/A       94%         5
 Death Channel            Necr           9%         N/A       98%         6


Dungeon Overview and Level Annotations

Branches:
Dungeon (4/15)
 Temple: D:4-7

Altars:
Vehumet

Shops:
D:3 *:*


Innate Abilities, Weirdness & Mutations

You have a pair of small antennae on your head.
You are partially covered in slimy green scales. (AC +2)
You regenerate magic rapidly.


Message History

Your gnoll skeleton hits the ogre.
The ogre hits your gnoll skeleton with a +0 giant club!!
Your gnoll skeleton is destroyed!
Aiming: Necrotise (safe; 2% risk of failure)
Press: ? - help, Q - select action, (/) - cycle Shift-Dir - straight line, f/p - ogre
Aim: an ogre, wielding a +0 giant club (heavily wounded, chance to affect: 76%)
The ogre barely resists.
Unknown command.
Aiming: Necrotise (safe; 2% risk of failure)
Press: ? - help, Q - select action, (/) - cycle Shift-Dir - straight line, f/p - ogre
Aim: an ogre, wielding a +0 giant club (heavily wounded, chance to affect: 76%)
The ogre barely resists.
Unknown command.
Aiming: Necrotise (safe; 2% risk of failure)
Press: ? - help, Q - select action, (/) - cycle Shift-Dir - straight line, f/p - ogre
Aim: an ogre, wielding a +0 giant club (heavily wounded, chance to affect: 76%)
The ogre barely resists.
Unknown command.
You hit the ogre.
The ogre is severely wounded.
The ogre hits you with a +0 giant club!
You closely miss the ogre.
The ogre is severely wounded.
You hit the ogre.
The ogre is severely wounded.
The ogre hits you with a +0 giant club!!
* * * LOW HITPOINT WARNING * * *
Aiming: Necrotise (safe; 2% risk of failure)
Press: ? - help, Q - select action, (/) - cycle Shift-Dir - straight line, f/p - ogre
Aim: an ogre, wielding a +0 giant club (severely wounded, chance to affect: 76%)
The ogre writhes in agony.
Unknown command.
Aiming: Necrotise (safe; 2% risk of failure)
Press: ? - help, Q - select action, (/) - cycle Shift-Dir - straight line, f/p - ogre
Aim: an ogre, wielding a +0 giant club (almost dead, chance to affect: 76%)
You miscast Necrotise.
You are very lightly contaminated with residual magic.
Nothing appears to happen.
The ogre hits you with a +0 giant club!
You die...

#............
#....#.#...##
#............
####...#..#..###
#...............
#.##..##.##.#### ..
#.#.........#
....###.###.##.#######.
....>....O@............
#.####.###.##.########
#)# #<##.# #)# #+##+#
#.# #.# #.# #.# #.#


You could see an ogre.

Vanquished Creatures
  A bombardier beetle (D:4)
  An orc priest (D:3)
  An orc wizard (D:3)
  4 gnolls (D:4)
  6 adders
  A shadow imp (D:3)
  A ribbon worm (D:3)
  3 dart slugs
  3 orcs (D:3)
  7 ball pythons
  2 giant cockroaches
  7 hobgoblins
  13 jackals
  7 kobolds
  5 quokkas
  5 bats
  6 frilled lizards
  8 goblins
  6 rats
87 creatures vanquished.

Vanquished Creatures (collateral kills)
  A bat (D:2)
1 creature vanquished.

Grand Total: 88 creatures vanquished

Notes
Turn   | Place    | Note
-------+----------+-------------------------------------------
     0 | D:1      | BubbleThief the Demonspawn Reaver began the quest for the
                  | Orb.
     0 | D:1      | Reached XP level 1. HP: 16/16 MP: 3/3
    58 | D:1      | Gained mutation: You regenerate magic rapidly. [demonic
                  | ancestry]
    58 | D:1      | Reached XP level 2. HP: 23/23 MP: 5/5
    66 | D:1      | Learned a level 1 spell: Necrotise
   132 | D:1      | Reached skill level 1 in Necromancy
   174 | D:1      | Found a faded altar of an unknown god.
   303 | D:1      | Reached skill level 2 in Necromancy
   378 | D:1      | Gained mutation: You are partially covered in slimy green
                  | scales. (AC +2) [demonic ancestry]
   378 | D:1      | Reached XP level 3. HP: 25/28 MP: 4/6
   703 | D:2      | Reached skill level 3 in Necromancy
   830 | D:2      | Reached XP level 4. HP: 31/34 MP: 7/7
  1155 | D:2      | Reached skill level 4 in Necromancy
  1549 | D:3      | Found Faqack's Assorted Antiques.
  1657 | D:3      | Found Tanguecy's General Store.
  1681 | D:3      | Found Guaptel's Vocational Training.
  1842 | D:3      | Found Pyfyul's Armour Boutique.
  1916 | D:3      | Reached XP level 5. HP: 39/39 MP: 5/8
  1922 | D:3      | Reached skill level 5 in Necromancy
  1955 | D:3      | Learned a level 4 spell: Martyr's Knell
  2223 | D:4      | Found a radiant altar of Vehumet.
  2299 | D:4      | Reached skill level 6 in Necromancy
  2330 | D:4      | Gained mutation: You have a pair of small antennae on your
                  | head. [demonic ancestry]
  2330 | D:4      | Reached XP level 6. HP: 36/46 MP: 5/9
  2364 | D:4      | Slain by an ogre

Illustrated notes

Levels and vault maps discovered:
D:1:      lightli_arrival_quake, layout_basic,
          nicolae_ecumenical_snake_handling, hangedman_decor_push
D:2:      layout_loops_ring, st_stairs_3
D:3:      layout_loops_ring, serial_shops, shop, nicolae_shop_window_shopping,
          shop, nicolae_shop_vocational
D:4:      layout_basic, vehumet_crystals, uniq_blork_the_orc, uniq_pikel

Skill      XL: |  1  2  3  4  5 |
---------------+----------------+-----
Polearms       | 3 |  3.1
Necromancy     | 2 3 4 6 |  6.0
Fighting       | |  2.5
Dodging        | |  1.7
Spellcasting   | |  2.0
Conjurations   | |  3.0

Action                     |  1- 3 |  4- 6 || total
---------------------------+-------+-------++-------
  Melee: Spear             |   189 |   111 ||   300
   Cast: Necrotise         |    13 |    40 ||    53
 Armour: Leather armour    |    91 |    51 ||   142
  Dodge: Dodged            |    91 |    41 ||   132
         Repelled          |       |     2 ||     2

Table legend: (Time is in decaauts)
 A = Elapsed time spent in this place.
 B = Non-inter-level travel time spent in this place.
 C = Inter-level travel time spent in this place.
 D = Time resting spent in this place.
 E = Time spent auto-exploring this place.
 F = Levels seen in this place.
 G = Mean time per level.
                   A        B        C        D        E       F      G
               +--------+--------+--------+--------+--------+-----+--------+
         Total |   2346 |   2274 |     72 |      0 |   1647 |   4 |  586.5 |
       Dungeon |   2346 |   2274 |     72 |      0 |   1647 |   4 |  586.5 |
               +--------+--------+--------+--------+--------+-----+--------+

Top non-repeatable levels by time:
     D:2: 826 daAuts
     D:3: 697 daAuts
     D:1: 665 daAuts
     D:4: 156 daAuts
